 Dungeon Crawl Stone Soup version 0.24.0-123-gd5b16e6ec5 (webtiles) character file.

Game seed: 3900613543273246299, levelgen mode: deterministic

140 Bergy the Cudgeler (level 5, 0/32 HPs)
             Began as a Gargoyle Fighter on Dec 30, 2019.
             Slain by an orc warrior
             ... wielding a +0 halberd
              (14 damage)
             ... on level 3 of the Dungeon.
             The game lasted 00:05:44 (1876 turns).

Bergy the Cudgeler (Gargoyle Fighter)               Turns: 1876, Time: 00:05:45

Health: 0/32       AC: 10    Str: 20    XL:     5   Next: 23%
Magic:  5/5        EV:  7    Int: 14    God:
Gold:   66         SH:  9    Dex:  9    Spells: 4/4 levels left

rFire    . . .     SeeInvis .   a - +0 flail
rCold    . . .     Gourm    .   c - +0 shield
rNeg     + . .     Faith    .   b - +0 scale mail
rPois    ∞         Spirit   .   (no helmet)
rElec    +         Reflect  .   (no cloak)
rCorr    .         Harm     .   (no gloves)
MR       .....                  (no boots)
Stlth    ..........             (no amulet)
HPRegen  0.10/turn              (no ring)
MPRegen  0.09/turn              (no ring)

@: brilliant
A: negative energy resistance 1, electricity resistance, unbreathing,
petrification resistance, rot immunity, AC +4
a: no special abilities


You were on level 3 of the Dungeon.
You were hungry.

You visited 1 branch of the dungeon, and saw 3 of its levels.

You collected 66 gold pieces.

Inventory:

Hand Weapons
 a - a +0 flail (weapon)
Armour
 b - a +0 scale mail (worn)
 c - a +0 shield (worn)
Jewellery
 n - an uncursed amulet of the acrobat {unknown}
 t - an uncursed amulet of the gourmand {unknown}
Scrolls
 h - 2 scrolls of identify {unknown}
 k - 3 scrolls of remove curse {unknown}
 l - a scroll of blinking {unknown}
 o - a scroll of enchant armour {unknown}
 r - 2 scrolls of fear {unknown}
 v - a scroll of teleportation {unknown}
Potions
 d - a potion of haste {unknown}
 e - a potion of heal wounds
 g - a potion of brilliance
 i - a potion of mutation {unknown}
 j - a potion of invisibility {unknown}
 m - a potion of cancellation {unknown}
 p - a potion of curing {unknown}
 s - a potion of flight {unknown}
 u - a potion of degeneration {unknown}
Comestibles
 f - 5 rations


   Skills:
 - Level 3.2 Fighting
 * Level 5.2 Maces & Flails
 - Level 3.2 Armour
 - Level 3.2 Shields


You had 4 spell levels left.
You didn't know any spells.
Your spell library was empty.

Dungeon Overview and Level Annotations

Branches:
Dungeon (3/15)

Altars:
Cheibriados
Elyvilon
Fedhas
Nemelex Xobeh
Yredelemnul


Innate Abilities, Weirdness & Mutations

You are resistant to torment.
Your stone body is resilient. (AC +4)
You are immune to poison.
You resist negative energy. (rN+)
You are resistant to electric shocks. (rElec)
You can survive without breathing.
You are immune to petrification.
You are immune to rotting.


Message History

The orc wizard shouts!
You hit the orc warrior.
The orc warrior is lightly wounded.
You block the orc warrior's attack.
You hit the orc warrior but do no damage.
The orc warrior is lightly wounded.
The orc warrior barely misses you.
You closely miss the orc warrior.
The orc warrior is lightly wounded.
The orc warrior closely misses you.
You barely miss the orc warrior.
The orc warrior is lightly wounded.
The orc warrior hits you but does no damage.
Your shield and scale mail prevent you from hitting the orc warrior.
The orc warrior is lightly wounded.
The orc warrior hits you with a +0 halberd.
You hit the orc warrior but do no damage.
The orc warrior is lightly wounded.
The orc warrior hits you with a +0 halberd!
You die...

..... ...........................
..... #.#..#.###.#...............
#.#.##.##.#.# #.#.###o..........
##.........#.###.#.# #...........
.................#.# #...........
........####.#####.# #...........
........####... ..# #.......(..†
..........############........[.)
...##...#.#.....@ooo.............
............######o####..........
.....#.#..#.....##.####..........
.......#.........................
......#.....###..#.####..........
.###..#..........#...............
#..#.....####.#.####..........
...#..........................
#.......####.######..........


You could see an orc warrior, an orc wizard and 2 orcs.

Vanquished Creatures
  An orc priest (D:3)
  4 adders
  2 oozes (D:1)
  2 worms (D:2)
  A dart slug (D:1)
  2 leopard geckos (D:2)
  4 orcs (D:3)
  5 bats
  3 giant cockroaches
  3 goblins
  5 hobgoblins
  4 jackals (D:2)
  7 kobolds
  3 quokkas
  3 frilled lizards (D:2)
  5 rats
54 creatures vanquished.

Notes
Turn   | Place    | Note
-------+----------+-------------------------------------------
     0 | D:1      | Bergy the Gargoyle Fighter began the quest for the Orb.
     0 | D:1      | Reached XP level 1. HP: 14/14 MP: 1/1
   255 | D:1      | Reached XP level 2. HP: 17/19 MP: 2/2
   338 | D:1      | Reached skill level 3 in Maces & Flails
   725 | D:1      | Reached XP level 3. HP: 23/23 MP: 3/3
   920 | D:2      | Found a basalt altar of Yredelemnul.
  1078 | D:2      | Reached skill level 4 in Maces & Flails
  1095 | D:2      | Reached XP level 4. HP: 23/28 MP: 4/4
  1120 | D:2      | Found a snail-covered altar of Cheibriados.
  1121 | D:2      | Found a sparkling altar of Nemelex Xobeh.
  1239 | D:2      | Found a blossoming altar of Fedhas.
  1240 | D:2      | Found a white marble altar of Elyvilon.
  1623 | D:3      | Reached skill level 5 in Maces & Flails
  1623 | D:3      | Reached XP level 5. HP: 13/32 MP: 5/5
  1839 | D:3      | Noticed an orc warrior
  1876 | D:3      | Slain by an orc warrior

Levels and vault maps discovered:
D:1:      evilmike_arrival_hilbert_curve, layout_loops_corners, minmay_distorted
D:2:      layout_rooms, grunt_temple_overflow_open, first_ration, st_stairs_14,
          grunt_ministairs_15
D:3:      layout_basic, uniq_natasha

Skill      XL: |  1  2  3  4 |
---------------+-------------+-----
Maces & Flails | 3 4 5 |  5.2
Fighting       | |  3.2
Armour         | |  3.2
Shields        | |  3.2

Action                   |  1- 3 |  4- 6 || total
-------------------------+-------+-------++-------
Melee: Flail             |   117 |   114 ||   231
  Use: Potion            |       |     4 ||     4
  Eat: Chunk             |     1 |     2 ||     3
Armor: Scale mail        |    79 |    88 ||   167
Dodge: Dodged            |    32 |    57 ||    89
Block: Shield            |    51 |    88 ||   139
